 Dungeon Crawl Stone Soup version 0.19.0-2-gae57169 (webtiles) character file.

3088 kae the Basher (level 10, -5/77 HPs)
             Began as a Formicid Fighter on Nov 5, 2016.
             Was a Believer of Qazlal.
             Slain by a troll (11 damage)
             ... on level 7 of the Dungeon.
             The game lasted 00:09:41 (7375 turns).

kae the Basher (Formicid Fighter)                   Turns: 7375, Time: 00:09:42

Health: -5/77      AC: 11    Str: 24    XL:     10   Next: 13%
Magic:  15/15      EV:  8    Int:  8    God:    Qazlal [**....]
Gold:   485        SH: 12    Dex: 10    Spells: 0 memorised, 9 levels left

rFire  . . .     SeeInvis +     a - +1 flail
rCold  . . .     Gourm    .     b - +0 scale mail
rNeg   + . .     Faith    .     c - +0 shield
rPois  .         Spirit   .     (helmet unavailable)
rElec  .         Reflect  .     w - +1 cloak
rCorr  .         Harm     .     (no gloves)
MR     ++...                    m - +1 pair of boots
Stlth  ..........               (no amulet)
                                l - ring of protection from magic
                                r - ring of positive energy

@: no status effects
A: permanent stasis, dig shafts and tunnels, four strong arms, antennae 3
a: Dig, Shaft Self, Upheaval, Renounce Religion


You were on level 7 of the Dungeon.
You worshipped Qazlal.
Qazlal was pleased with you.
You were hungry.

You visited 1 branch of the dungeon, and saw 7 of its levels.
You also visited: Ossuary.

You collected 737 gold pieces.
You spent 252 gold pieces at shops.

Inventory:

Hand Weapons
 a - a +1 flail (weapon)
Armour
 b - a +0 scale mail (worn)
 c - a +0 shield (worn)
 m - a +1 pair of boots (worn)
 w - a +1 cloak (worn)
Jewellery
 e - an uncursed ring of stealth
 l - a ring of protection from magic (right hand)
 r - a ring of positive energy (left hand)
 C - an uncursed ring of resist corrosion {unknown}
Wands
 p - a wand of slowing (29/48)
 y - a wand of slowing (15/48)
 B - a wand of flame (22/48)
 E - a wand of disintegration (10/24)
Scrolls
 g - a scroll of enchant weapon
 k - a scroll of remove curse
 n - 3 scrolls of identify
 u - 3 scrolls of enchant armour
 z - a scroll of magic mapping
 D - a scroll of amnesia
 F - 3 scrolls of torment {unknown}
Potions
 h - a potion of curing
 o - a potion of invisibility
 s - a potion of magic
 v - a potion of heal wounds {unknown}
 x - a potion of mutation
Books
 t - a book of Necromancy

   Spells                             Type                      Level
   a - Pain                           Necromancy                   1
   b - Animate Skeleton               Necromancy                   1
   c - Vampiric Draining              Necromancy                   3
   d - Regeneration                   Charms/Necromancy            3
   e - Animate Dead                   Necromancy                   4
   f - Control Undead                 Necromancy                   4
Comestibles
 d - 3 meat rations
 f - a bread ration
 i - a royal jelly
 j - 4 beef jerkies
 q - a slice of pizza
 A - 2 fruits


   Skills:
 - Level 6.4 Fighting
 * Level 11.0 Maces & Flails
 - Level 3.2 Armour
 - Level 3.6 Shields
 + Level 6.9 Invocations


You had 9 spell levels left.
You didn't know any spells.

Dungeon Overview and Level Annotations

Branches:
Dungeon (7/15)
 Temple: D:4-7

Altars:
Fedhas
Makhleb
Qazlal
Ru
Trog
Uskayaw

Shops:
D:5 [

Annotations:
D:3 mopl's ghost, amateur HOBe


Innate Abilities, Weirdness & Mutations

You are under a permanent stasis effect.
You can dig through walls and to a lower floor.
Your four strong arms can wield two-handed weapons with a shield.
You have a pair of large antennae on your head. (SInv)


Message History

A troll comes into view.
You hit the troll.
The troll is lightly wounded.
You block the troll's attack. The troll claws you but does no damage.
The troll barely misses you.
You barely miss the troll.
The troll is lightly wounded.
You block the troll's attack. The troll barely misses you.
The troll claws you but does no damage.
You barely miss the troll.
The troll is lightly wounded.
The troll bites you!
* * * LOW HITPOINT WARNING * * *
The troll claws you!
* * * LOW HITPOINT WARNING * * *
You block the troll's attack.
You hit the troll.
The troll is lightly wounded.
You block the troll's attack. The troll claws you!
You die...

######## #####
##......#
##T#.###...###.###
#@#.#.#..#........
#####.#....###.###
#####.#.#.## #.#
#.........# #.### {
#.......### #.##.
#.........# ##.##.
#....†######.###...#.
#..#.. #.....#.†.
...#... #..##...##


You could see a troll.

Vanquished Creatures
  Grinder (D:5)
  Sigmund (D:2)
  A hungry ghost (D:6)
  2 water moccasins
  2 ice beasts
  A sky beast (D:6)
  3 phantoms
  3 ogres
  An elf zombie (Ossuary)
  2 bullfrogs (D:6)
  6 killer bees
  A howler monkey (D:5)
  A crimson imp (D:7)
  2 centaur skeletons (D:4)
  2 hounds (D:4)
  3 orc priests
  A jelly (D:5)
  A human zombie (Ossuary)
  8 orc wizards
  An iguana (D:5)
  9 worker ants
  4 big kobold zombies (Ossuary)
  A hound skeleton (D:6)
  2 mummies (Ossuary)
  4 gnolls (D:4)
  8 adders
  2 shadow imps
  An ooze (D:3)
  An adder skeleton (D:5)
  2 worms
  4 dart slugs (D:1)
  2 leopard geckos
  15 orcs
  6 bats
  4 giant cockroaches
  7 goblins
  3 hobgoblins
  8 jackals
  6 quokkas
  2 ball pythons
  6 frilled lizards
  3 gnoll zombies (Ossuary)
  A goblin zombie (Ossuary)
  3 hobgoblin zombies (Ossuary)
  A jackal skeleton (D:5)
  6 kobolds
  An orc zombie (Ossuary)
  6 rats
  A fungus (D:2)
162 creatures vanquished.

Notes
Turn   | Place    | Note
-------+----------+-------------------------------------------
     0 | D:1      | kae the Formicid Fighter began the quest for the Orb.
     0 | D:1      | Reached XP level 1. HP: 18/18 MP: 1/1
   101 | D:1      | Reached XP level 2. HP: 21/24 MP: 2/2
   454 | D:1      | Reached skill level 3 in Maces & Flails
   454 | D:1      | Reached XP level 3. HP: 27/29 MP: 3/3
   918 | D:2      | Noticed Sigmund
   935 | D:2      | Killed Sigmund
   935 | D:2      | Reached skill level 4 in Maces & Flails
   935 | D:2      | Reached XP level 4. HP: 16/38 MP: 4/4
   935 | D:2      | Reached XP level 5. HP: 18/43 MP: 5/5
  1017 | D:2      | Found a stormy altar of Qazlal.
  1162 | D:2      | Reached XP level 6. HP: 49/49 MP: 6/6
  1295 | D:2      | Reached skill level 5 in Maces & Flails
  1474 | D:2      | Became a worshipper of Qazlal Stormbringer
  1857 | D:3      | Noticed mopl's ghost (amateur HOBe)
  2112 | D:3      | Found a faded altar of an unknown god.
  2556 | D:3      | Reached skill level 5 in Fighting
  2615 | D:3      | Noticed an ice beast
  2628 | D:3      | Killed an ice beast
  2855 | D:4      | Reached XP level 7. HP: 56/56 MP: 7/7
  2916 | D:4      | Reached skill level 6 in Maces & Flails
  3174 | D:4      | Found a blossoming altar of Fedhas.
  3673 | D:4      | Reached * piety under Qazlal
  3673 | D:4      | Reached skill level 7 in Maces & Flails
  3673 | D:4      | Reached XP level 8. HP: 64/64 MP: 8/8
  3925 | D:4      | Found a burning altar of Makhleb.
  3940 | D:4      | Reached skill level 1 in Invocations
  4096 | D:4      | Found a bloodstained altar of Trog.
  4217 | D:5      | Entered Level 5 of the Dungeon
  4226 | D:5      | Found Wete's Antique Armour Shop.
  4230 | D:5      | Bought a pair of embroidered boots for 252 gold pieces
  4247 | D:5      | Noticed Grinder
  4253 | D:5      | Killed Grinder
  4253 | D:5      | Reached skill level 8 in Maces & Flails
  4362 | D:5      | Found a hide-covered altar of Uskayaw.
  4486 | D:5      | Found a sacrificial altar of Ru.
  4682 | D:5      | Reached XP level 9. HP: 71/71 MP: 11/11
  4714 | D:5      | Reached skill level 9 in Maces & Flails
  5408 | D:6      | Found a sand-covered staircase.
  5453 | Ossuary  | Entered an ossuary
  5508 | Ossuary  | Reached ** piety under Qazlal
  5921 | D:6      | Reached skill level 5 in Invocations
  6068 | D:6      | Reached skill level 10 in Maces & Flails
  7269 | D:7      | Reached XP level 10. HP: 64/77 MP: 14/14
  7359 | D:7      | Reached skill level 11 in Maces & Flails
  7375 | D:7      | Slain by a troll

Skill      XL: |  1  2  3  4  5  6  7  8  9 10 |
---------------+-------------------------------+-----
Maces & Flails | 3 4 5 7 8 10 11 | 11.0
Fighting       | 4 5 6 |  6.4
Invocations    | 3 6 |  6.9
Armour         | |  3.2
Shields        | |  3.6

Action                   |  1- 3 |  4- 6 |  7- 9 | 10-12 || total
-------------------------+-------+-------+-------+-------++-------
Melee: Flail             |    95 |   145 |   480 |    41 ||   761
Invok: Upheaval          |       |       |     2 |     1 ||     3
 Abil: Dig               |       |     1 |     5 |     2 ||     8
  Use: Potion            |     1 |       |     1 |     2 ||     4
       Scroll            |       |    11 |     5 |       ||    16
  Eat: Chunk             |       |     7 |    12 |       ||    19
       Bread ration      |       |       |     1 |       ||     1
       Fruit             |       |       |     1 |       ||     1
Armor: Scale mail        |    62 |    49 |   150 |    19 ||   280
       Skin              |       |       |     7 |       ||     7
Dodge: Dodged            |    36 |    46 |   102 |    13 ||   197
Block: Shield            |    62 |    65 |   236 |    31 ||   394
